 Dungeon Crawl Stone Soup version 0.28-a0-528-g4b98be1b05 (webtiles) character file.

Game seed: 879730004240802708

11909 Mirvelgyr the Severer (level 11, -9/93 HPs)
             Began as a Deep Dwarf Fighter on Sept 24, 2021.
             Was a Priest of Makhleb.
             Killed by divine providence
             ... invoked by an orc priest
              (13 damage)
             ... on level 11 of the Dungeon.
             The game lasted 00:24:47 (8860 turns).

Mirvelgyr the Severer (Deep Dwarf Fighter)          Turns: 8860, Time: 00:24:48

Health: -9/93      AC: 19    Str: 22    XL:     11   Next: 55%
Magic:  3/3        EV: 19    Int: 10    God:    Makhleb [***...]
Gold:   8          SH: 13    Dex: 20    Spells: 10/10 levels left

rFire   + . .      SeeInvis .   A - +10 broad axe of Honour {vorpal, Fragile rN+ Dex+2}
rCold   . . .      Faith    .   w - +2 kite shield
rNeg    + . .      Spirit   .   C - +0 plate armour
rPois   .          Reflect  .   J - +1 helmet
rElec   .          Harm     .   r - +0 cloak
rCorr   .          Rampage  .   I - +0 pair of gloves
Will    +....                   K - +0 pair of boots
Stlth   ..........              b - amulet of the acrobat
HPRegen 0.00/turn               D - +6 ring of dexterity
MPRegen 0.08/turn               s - ring of protection from fire

@: acrobatic, studying Air Magic
A: damage resistance, heal wounds, sense surroundings 2, no regeneration
a: Heal Wounds, Renounce Religion, Minor Destruction, Lesser Servant of Makhleb


You were on level 11 of the Dungeon.
You worshipped Makhleb.
Makhleb was most pleased with you.
You visited 2 branches of the dungeon, and saw 12 of its levels.

You collected 443 gold pieces.
You spent 435 gold pieces at shops.

Inventory:

Hand Weapons
 a - a +1 war axe
 A - the +10 broad axe of Honour (weapon) {vorpal, Fragile rN+ Dex+2}
   (You found it on level 8 of the Dungeon)

   It inflicts extra damage upon your enemies.
   Dex:       It affects your dexterity (+2).
   rN:        It protects you from negative energy.
   Fragile:   It will be destroyed if unequipped.
Missiles
 l - a throwing net
Armour
 r - a +0 cloak (worn)
 w - a +2 kite shield (worn)
 C - a +0 plate armour (worn)
 I - a +0 pair of gloves (worn)
 J - a +1 helmet (worn)
 K - a +0 pair of boots (worn)
Jewellery
 b - an amulet of the acrobat (around neck)
 g - a ring of wizardry
 s - a ring of protection from fire (right hand)
 x - an amulet of magic regeneration
 D - a +6 ring of dexterity (left hand)
 F - a ring of see invisible
Wands
 y - a wand of polymorph (6)
 B - a wand of flame (25)
Scrolls
 h - 5 scrolls of magic mapping
 k - a scroll of enchant weapon
 m - 4 scrolls of noise
 p - a scroll of fog
 t - 4 scrolls of teleportation
 E - a scroll of identify
 G - a scroll of amnesia {unknown}
 H - 2 scrolls of fear {unknown}
Potions
 c - a potion of flight {unknown}
 d - 2 potions of might
 e - a potion of heal wounds
 f - 5 potions of curing
 i - 2 potions of brilliance {unknown}
 j - a potion of magic {unknown}
 n - 3 potions of degeneration {unknown}
 o - 2 potions of attraction {unknown}
 q - a potion of haste {unknown}
 u - a potion of mutation {unknown}
 v - 2 potions of lignification {unknown}
 z - a potion of berserk rage {unknown}


   Skills:
 + Level 4.4 Fighting
 - Level 18.0 Axes
 * Level 6.9 Armour
 + Level 5.4 Shields


You had 10 spell levels left.
You didn't know any spells.
Your spell library contained the following spells:

 Spells                   Type           Power      Damage    Failure   Level
 Magic Dart               Conj           0%         1d3       100%        1
 Call Imp                 Summ           0%         N/A       100%        2
 Corpse Rot               Necr/Air       N/A        N/A       100%        2
 Passwall                 Tmut/Erth      0%         N/A       100%        2
 Poisonous Vapours        Pois/Air       0%         N/A       100%        2
 Slow                     Hex            0%         N/A       100%        2
 Confusing Touch          Hex            0%         N/A       100%        3
 Frozen Ramparts          Ice            0%         1d2       100%        3
 Mephitic Cloud           Conj/Pois/Air  0%         N/A       100%        3
 Swiftness                Air            0%         N/A       100%        3
 Vampiric Draining        Necr           0%         2d6       100%        3
 Ice Form                 Ice/Tmut       0%         N/A       100%        4
 Summon Ice Beast         Ice/Summ       0%         N/A       100%        4
 Invisibility             Hex            0%         N/A       100%        6


Dungeon Overview and Level Annotations

Branches:
Dungeon (11/15)            Temple (1/1) D:6
   Lair: D:8-11         Orc: D:9-12

Altars:
Ashenzari
Fedhas
Gozag
Hepliaklqana
Kikubaaqudgha
Makhleb
Nemelex Xobeh
Qazlal
Ru
Trog
Uskayaw
Wu Jian
Xom
Yredelemnul
Beogh

Shops:
D:1 (   D:4 *   D:7 [!:(

Annotations:
D:10 3 runed translucent doors, yegreS's ghost, journeyman GrFi


Innate Abilities, Weirdness & Mutations

You are resistant to damage.
You can heal yourself by infusing magical energy.
You passively map the area around you.
You do not regenerate.


Message History

The chaos spawn degenerates into a cloud of primal chaos!
The orc warrior hits you from afar with a +0 trident! x2
* * * LOW HITPOINT WARNING * * *
You barely miss the kobold brigand.
The kobold brigand is almost dead.
The orc is engulfed in seething chaos.
The orc is moving more slowly.
The kobold brigand barely misses you. You block the orc warrior's attack.
The orc priest looks braver for a moment.
You slice the kobold brigand!!
You kill the kobold brigand!
Makhleb accepts your kill.
You feel better.
The orc warrior hits you from afar with a +0 trident.
* * * LOW HITPOINT WARNING * * *
You block the orc warrior's attack.
You hit the orc warrior but do no damage.
The orc warrior hits you but does no damage.
The orc warrior hits you with a +0 trident.
The orc warrior hits you from afar with a +0 trident!
* * * LOW HITPOINT WARNING * * *
The kobold demonologist begins to cast a cantrip, but forgets the words!
You hit the orc warrior.
The orc warrior is moderately wounded.
An orc comes into view. It is wielding a +0 flail.
The orc priest calls down the wrath of Beogh upon you.
Beogh smites you!
* * * LOW HITPOINT WARNING * * *
You block the orc warrior's attack.
An orc comes into view. It is wielding a +0 whip.
The orc warrior hits you from afar with a +0 trident.
* * * LOW HITPOINT WARNING * * *
You hear a shout!
You hear a shout! x2
The orc warrior barely misses you.
Things that are here:
a +0 short sword; a +0 chain mail; 22 gold pieces The orc stops moving altogether!
The orc priest mumbles some strange prayers to Beogh against you.
Beogh smites you!
You die... *, ,, , * * * ,, ,, , , * ## , * * ..T### * ,,* o..oo$### * ' * .o..oooo#

,* o,
#)#####+#########
, ,
#)o..#..........#
, , ,
####@#..........#
* , , ,
#.'..........# ,
, ###..........#
#..........# ,, ,
#..........# * *
* * *
#..........#
#..........#
######'#####
#...##


You could see 2 orc warriors, an orc priest and 2 orcs.

Vanquished Creatures
  2 two-headed ogres
  2 phantasmal warriors (D:10)
  A guardian serpent (D:10)
  A kobold demonologist (D:11)
  A queen bee (D:8)
  A troll (D:11)
  2 polar bears (D:10)
  2 shadows
  A wyvern (D:9)
  13 yaks
  A water elemental (D:11)
  2 steam dragons
  A vampire mosquito (D:10)
  6 water moccasins
  An acid dragon (D:10)
  An ice beast (D:8)
  6 orc warriors
  A black bear (D:6)
  An ogre (D:11)
  5 sky beasts
  2 necrophages
  3 wolves (D:11)
  5 centaurs
  2 kobold brigands
  2 wyvern zombies
  4 bullfrogs
  3 scorpions
  A water moccasin zombie (D:6)
  3 water moccasin skeletons
  11 killer bees
  An electric eel (D:11)
  A wight (D:9)
  2 centaur zombies
  3 hounds
  Crazy Yiuf (D:3)
  3 bullfrog skeletons
  2 gnoll shamans
  A jelly (D:6)
  6 orc priests
  Natasha (D:4)
  A centaur skeleton (D:7)
  Terence (D:2)
  An iguana (D:6)
  5 orc wizards
  A hound skeleton (D:4)
  A howler monkey zombie (D:8)
  7 gnolls
  8 adders
  A shadow imp (D:7)
  An ufetubus (D:4)
  2 adder skeletons (D:4)
  4 worms
  2 dart slugs
  22 orcs
  5 ball pythons
  7 bats
  5 endoplasms
  5 giant cockroaches
  7 goblins
  9 hobgoblins
  3 jackals (D:4)
  5 quokkas
  10 kobolds
  8 rats
229 creatures vanquished.

Vanquished Creatures (others)
  11 plants
11 creatures vanquished.

Grand Total: 240 creatures vanquished

Notes
Turn   | Place    | Note
-------+----------+-------------------------------------------
     0 | D:1      | Mirvelgyr the Deep Dwarf Fighter began the quest for the
                  | Orb.
     0 | D:1      | Reached XP level 1. HP: 20/20 MP: 1/1
    15 | D:1      | You fall into a shaft and drop 1 floor!
   136 | D:1      | Reached skill level 3 in Axes
   136 | D:1      | Reached XP level 2. HP: 25/27 MP: 2/2
   192 | D:1      | Found Zutazos's Antique Weapon Emporium.
   361 | D:1      | Found a faded altar of an unknown god.
   392 | D:1      | Reached XP level 3. HP: 28/33 MP: 3/3
   398 | D:1      | Reached skill level 4 in Axes
   705 | D:2      | Found an ancient bone altar of Kikubaaqudgha.
  1062 | D:2      | Noticed Terence
  1074 | D:2      | Killed Terence
  1075 | D:2      | Reached XP level 4. HP: 27/35 MP: 4/4
  1224 | D:3      | Found a sacrificial altar of Ru.
  1257 | D:3      | Reached skill level 5 in Axes
  1310 | D:3      | Found a broken altar of Ashenzari.
  1496 | D:3      | Found a hazy altar of Hepliaklqana.
  1603 | D:3      | Reached XP level 5. HP: 38/46 MP: 5/5
  1878 | D:3      | Found a runed translucent door.
  1879 | D:3      | Noticed Crazy Yiuf
  1939 | D:3      | Killed Crazy Yiuf
  1940 | D:3      | Reached skill level 6 in Axes
  1982 | D:4      | Found Jeagry's Neck Hole.
  2306 | D:4      | Reached skill level 7 in Axes
  2306 | D:4      | Reached XP level 6. HP: 32/55 MP: 5/5
  2561 | D:4      | Noticed Natasha
  2574 | D:4      | Killed Natasha
  2664 | D:5      | Entered Level 5 of the Dungeon
  2966 | D:5      | Reached skill level 8 in Axes
  3014 | D:5      | Noticed a sky beast
  3021 | D:5      | Killed a sky beast
  3022 | D:5      | Reached XP level 7. HP: 54/61 MP: 5/5
  3121 | D:5      | Reached skill level 9 in Axes
  3635 | D:6      | Reached skill level 10 in Axes
  3677 | D:6      | Reached XP level 8. HP: 39/68 MP: 6/6
  3860 | D:6      | Reached skill level 11 in Axes
  4155 | D:6      | Found a staircase to the Ecumenical Temple.
  4381 | D:6      | Reached skill level 12 in Axes
  4724 | Temple   | Entered the Ecumenical Temple
  4778 | Temple   | Became a worshipper of Makhleb the Destroyer
  4846 | D:7      | Found Zowistir's Distillery.
  4857 | D:7      | Bought a potion of curing for 39 gold pieces
  4857 | D:7      | Bought a potion of curing for 39 gold pieces
  4857 | D:7      | Bought 2 potions of heal wounds for 130 gold pieces
  4857 | D:7      | Bought 2 potions of curing for 78 gold pieces
  4871 | D:7      | Found Hoifut's Armour Boutique.
  5043 | D:7      | Reached skill level 13 in Axes
  5043 | D:7      | Gained mutation: You passively map the area around you.
                  | [Deep Dwarf growth]
  5043 | D:7      | Reached XP level 9. HP: 51/74 MP: 5/5
  5100 | D:7      | Found Pusec's Weapon Shop.
  5148 | D:7      | Found Newet's Book Boutique.
  5196 | D:7      | Noticed a +0 hand axe
  5197 | D:7      | Noticed a +0 dagger
  5202 | D:7      | Found a hide-covered altar of Uskayaw.
  5437 | D:7      | Reached * piety under Makhleb
  5458 | D:7      | Reached skill level 14 in Axes
  5549 | D:8      | Identified the +10 broad axe of Honour {vorpal, Fragile rN+
                  | Dex+2}
  5807 | D:8      | Noticed a queen bee
  5828 | D:8      | HP: 2/74 [killer bee (8)]
  5851 | D:8      | Killed a queen bee
  5852 | D:8      | Reached skill level 15 in Axes
  6008 | D:8      | Reached XP level 10. HP: 52/81 MP: 5/5
  6398 | D:9      | Noticed a two-headed ogre
  6424 | D:9      | Killed a two-headed ogre
  6425 | D:9      | Reached skill level 16 in Axes
  6672 | D:9      | Reached ** piety under Makhleb
  7457 | D:10     | Entered Level 10 of the Dungeon
  7457 | D:10     | Found a bloodstained altar of Trog.
  7469 | D:10     | Reached skill level 17 in Axes
  7516 | D:10     | Found a shimmering altar of Xom.
  7517 | D:10     | Found a shimmering altar of Xom.
  7517 | D:10     | Found a shimmering altar of Xom.
  7517 | D:10     | Found a shimmering altar of Xom.
  7520 | D:10     | Found a shimmering altar of Xom.
  7521 | D:10     | Found a shimmering altar of Xom.
  7822 | D:10     | Found a runed translucent gate.
  7822 | D:10     | Found a runed translucent gate.
  7822 | D:10     | Found a runed translucent gate.
  7823 | D:10     | Noticed yegreS's ghost (journeyman GrFi)
  7828 | D:10     | Reached skill level 18 in Axes
  7828 | D:10     | Noticed a cane toad
  7828 | D:10     | a rime drake changed into a cane toad
  7831 | D:10     | a cane toad changed into a wind drake
  7836 | D:10     | Reached XP level 11. HP: 61/88 MP: 6/6
  7844 | D:10     | Noticed a two-headed ogre
  7851 | D:10     | Killed a two-headed ogre
  7947 | D:10     | Noticed a phantasmal warrior
  7948 | D:10     | Noticed a phantasmal warrior
  7958 | D:10     | Killed a phantasmal warrior
  7959 | D:10     | Killed a phantasmal warrior
  7960 | D:10     | Reached skill level 5 in Armour
  8022 | D:10     | Found the +3 pair of seven-league boots {Rampage+∞}
  8077 | D:10     | Noticed a deep troll
  8509 | D:7      | Bought a +1 helmet for 149 gold pieces
  8701 | D:11     | Reached *** piety under Makhleb
  8706 | D:11     | Reached skill level 5 in Shields
  8857 | D:11     | HP: 4/93 [orc warrior (1)]
  8860 | D:11     | Killed from afar by an orc priest

Illustrated notes

Levels and vault maps discovered:
D:1:      dpeg_arrival_tiny_g, layout_rooms,
          hellmonk_ecumenical_altar_prayer_group, serial_shops, shop,
          grunt_decor_mini_mirrors, minmay_cupped
D:2:      layout_basic, basic_altar, grunt_decor_one_mirror, uniq_terence
D:3:      minmay_bubble_buster, layout_loops_ring,
          mainiacjoe_overflow_boulevard, mainiacjoe_overflow_catwalk_spiral,
          uniq_crazy_yiuf_cottage
D:4:      layout_loops_ring, nicolae_shop_sticking_my_neck_out, uniq_natasha
D:5:      minmay_skewed_foursquare, layout_basic,
          eino_small_chamber_without_monster
D:6:      layout_layer_cave, minmay_temple_entry_poolview
D:7:      layout_basic, dancing_weapons_uskayaw, serial_shops,
          nicolae_take_the_stairs, nicolae_shop_crystal, kennysheep_little_box,
          nicolae_shop_trees, david_defended_altar_orc
D:8:      layout_layer_cave, nicolae_looking_at_the_future
D:9:      layout_loops_corners, serial_rivers, chequers_serial_rivers_room_b,
          chequers_serial_rivers_large_b, chequers_serial_rivers_micro_d,
          chequers_serial_rivers_micro_a, chequers_serial_rivers_micro_e,
          kennysheep_generic_room_4
D:10:     layout_irregular_city, xom_redecorated, trog_ov_bears_minmay,
          gammafunk_ghost_split, hellmonk_guarded_unrand_seven_league_boots
D:11:     layout_roguey [special_room_orc], erik_lair_island, orc_0_dummy
Temple:   regret_index_temple_sphere_string

Skill      XL: |  1  2  3  4  5  6  7  8  9 10 11 |
---------------+----------------------------------+-----
Axes           | 3 4 5 7 8 10 13 15 18 | 18.0
Fighting       | 4 |  4.4
Armour         | 6 |  6.9
Shields        | 5 |  5.4

Action                   |  1- 3 |  4- 6 |  7- 9 | 10-12 || total
-------------------------+-------+-------+-------+-------++-------
Melee: War axe           |    98 |   178 |   269 |       ||   545
       Broad axe         |       |       |    45 |   202 ||   247
Invok: Minor Destruction |       |       |       |     1 ||     1
 Abil: Heal Wounds       |       |     4 |    12 |     9 ||    25
  Use: Scroll            |       |       |     8 |     1 ||     9
       Potion            |       |       |     5 |     2 ||     7
Armor: Scale mail        |    19 |       |       |       ||    19
       Chain mail        |    39 |   106 |   204 |    21 ||   370
       Plate armour      |       |       |       |    66 ||    66
Dodge: Dodged            |    36 |    57 |    92 |    56 ||   241
Block: Buckler           |    23 |    36 |     8 |       ||    67
       Kite shield       |       |       |   155 |   111 ||   266

Table legend: (Time is in decaauts)
 A = Elapsed time spent in this place.
 B = Non-inter-level travel time spent in this place.
 C = Inter-level travel time spent in this place.
 D = Time resting spent in this place.
 E = Time spent auto-exploring this place.
 F = Levels seen in this place.
 G = Mean time per level.
                   A        B        C        D        E       F      G
               +--------+--------+--------+--------+--------+-----+--------+
         Total |   9053 |   8126 |    927 |      5 |   6101 |  12 |  754.4 |
       Dungeon |   8976 |   8071 |    905 |      5 |   6059 |  11 |  816.0 |
        Temple |     76 |     54 |     22 |      0 |     42 |   1 |   76.0 |
               +--------+--------+--------+--------+--------+-----+--------+

Top non-repeatable levels by time:
     D:9: 1258 daAuts
     D:6: 1058 daAuts
     D:8: 952 daAuts
    D:10: 927 daAuts
     D:5: 877 daAuts
     D:3: 836 daAuts
     D:7: 818 daAuts
     D:2: 742 daAuts
     D:4: 720 daAuts
     D:1: 599 daAuts
    D:11: 184 daAuts
  Temple: 76 daAuts
